 Dungeon Crawl Stone Soup version 0.32-a0-558-g233958a4c4 (webtiles) character file.

Game seed: 50651509266638670

276 protoss039 the Digger (level 6, 37/47 HPs)
             Began as a Demonspawn Earth Elementalist on Mar 1, 2024.
             Got out of the dungeon alive.
             The game lasted 00:05:50 (3320 turns).

protoss039 the Digger (DsEE)                        Turns: 3320, Time: 00:05:50

Health: 37/47      AC:  8    Str:  7 (8)  XL:     6   Next: 4%
Magic:  11/11      EV: 11    Int: 21 (23) God:
Gold:   195        SH:  0    Dex: 12 (14) Spells: 5/12 levels left

rFire   . . .        q - +0 dagger
rCold   . . .        (no shield)
rNeg    . . .        j - +0 leather armour
rPois   .            l - +0 hat
rElec   .            (no cloak)
rCorr   .            i - +2 pair of gloves
SInv    .            (no boots)
Will    .....        (no amulet)
Stlth   ++           g - +6 ring of intelligence
HPRegen 0.27/turn    (no ring)
MPRegen 0.12/turn

%: no passive effects
@: no status effects
A: hooves 2, yellow scales 1, demonic guardian 1, ignite blood 1
a: no special abilities


You escaped.
You visited 1 branch of the dungeon, and saw 4 of its levels.

You collected 217 gold pieces.
You spent 22 gold pieces at shops.

Inventory:

Hand Weapons
 q - a +0 dagger (weapon)
Armour
 i - a +2 pair of gloves (worn)
 j - a +0 leather armour (worn)
 l - a +0 hat (worn)
Jewellery
 g - a +6 ring of intelligence (left hand)
Wands
 p - a wand of warping (8)
Scrolls
 f - a scroll of identify
 m - a scroll of blinking {unknown}
 o - 3 scrolls of fear {unknown}
 r - a scroll of vulnerability {unknown}
Potions
 b - a potion of magic
 k - a potion of ambrosia {unknown}
 n - a potion of resistance {unknown}
 s - a potion of haste {unknown}


   Skills:
 + Level 3.3 Fighting
 - Level 1.7 Dodging
 - Level 1.7 Stealth
 + Level 3.7 Spellcasting
 - Level 1.0 Conjurations
 + Level 4.1 Earth Magic


You had 5 spell levels left.
You knew the following spells:

 Your Spells              Type           Power      Damage    Failure   Level
a - Sandblast             Erth           42%        2d11      3%          1
b - Passwall              Erth           21%        N/A       11%         3
c - Stone Arrow           Conj/Erth      28%        3d8       19%         3

Your spell library contained the following spells:

 Spells                   Type           Power      Damage    Failure   Level
 Necrotise                Necr           12%        1d4       19%         1
 Vampiric Draining        Necr           3%         2d6       50%         3
 Brom's Barrelling Bould  Conj/Erth      14%        2d4       54%         4
 Petrify                  Alch/Erth      12%        N/A       61%         4
 Martyr's Knell           Necr/Summ      3%         N/A       88%         4
 Curse of Agony           Necr           3%         N/A       99%         5


Dungeon Overview and Level Annotations

Branches:
Dungeon (4/15) Zot: 20621
 Temple: D:4-7

Altars:
Vehumet

Shops:
D:2 *

Annotations:
D:4 Natasha


Innate Abilities, Weirdness & Mutations

You have hoof-like feet.
You are partially covered in yellow scales. (AC +2)
A weak demonic guardian rushes to your aid.
Your demonic aura sometimes causes spilled blood to erupt in flames.


Message History

Aiming: Sandblast (safe; 3% risk of failure)
Press: ? - help, Shift-Dir - straight line, f/p - iguana
Aim: an iguana (heavily wounded, 84% to hit)
The blast of sand hits the iguana!
You kill the iguana!
Natasha stares at you and mumbles some strange words.
You feel yourself slow down. The cerulean imp closely misses you.
You feel your intelligence returning.
You have reached level 6!
Your demonic ancestry asserts itself...
You feel the presence of a demonic guardian.
The cerulean imp attacks as it pursues you!
The cerulean imp hits you from afar with a +1 spear.
The cerulean imp hits you but does no damage.
The cerulean imp barely misses you.
There is a stone staircase leading up here.
The cerulean imp hits you but does no damage.
Natasha casts a spell.
You climb upwards.
There is a stone staircase leading down here.
Unknown command.
You drop a potion of magic.
Unknown command.
What level of the Dungeon? (default 3, ? - help)
There is a stone staircase leading up here.
You climb upwards.
You feel yourself speed up.
There is a stone staircase leading down here.
There is a stone staircase leading down here.
There is a stone staircase leading up here.
You climb upwards.
There is a stone staircase leading down here.
You can't go up here!
There is an escape hatch in the floor here.
Magic restored.
There is an open door here.
There is an open door here.
There is a staircase leading out of the dungeon here.
Alright, then stay!
You have escaped!

.# #....####.#.....#..###........
.# #....#....#.######...#........
####...##.##.#......###.##.....##
...#..+#..##.######.#...##'....##
##.#..#..###........#.###.#...(..
...#.###########.####.#...##.#...
####.######...##'####.#.####.###.
.....##.....#.'...'.....####.# #.
###..'..#######.@.#######..'.###.
..#..####.....+...'.#.....##.#...
#.#..####.#.####'##...######.##.#
#.#..##...#.####.###.#######.#...
#.#...#.###.#....# #.###..#..#..#
#.#...'##...#.######.##..#'..#...
#.#....##.###......#.##.##...#...
#.#.....#...######.#....#....#...
#)#.....###..#.....######....#...


There were no monsters in sight!

Vanquished Creatures
  A howler monkey (D:2)
  2 orc priests (D:3)
  A bombardier beetle (D:3)
  A jelly (D:3)
  An iguana (D:4)
  An adder (D:4)
  4 ribbon worms
  3 dart slugs
  6 orcs
  2 ball pythons
  6 endoplasms
  4 giant cockroaches (D:3)
  4 goblins (D:3)
  7 hobgoblins
  3 jackals (D:1)
  2 quokkas
  5 bats
  3 frilled lizards
  3 kobolds
  6 rats
65 creatures vanquished.

Notes
Turn   | Place    | Note
-------+----------+-------------------------------------------
     0 | D:1      | protoss039 the Demonspawn Earth Elementalist began the
                  | quest for the Orb.
     0 | D:1      | Reached XP level 1. HP: 13/13 MP: 3/3
   271 | D:1      | Found a faded altar of an unknown god.
   401 | D:1      | Gained mutation: Your demonic aura sometimes causes spilled
                  | blood to erupt in flames. [demonic ancestry]
   401 | D:1      | Reached XP level 2. HP: 20/20 MP: 3/5
   991 | D:1      | Reached skill level 1 in Fighting
  1037 | D:1      | Reached skill level 3 in Earth Magic
  1362 | D:2      | Found Call's General Store.
  1369 | D:2      | Bought a scroll of identify for 22 gold pieces
  1397 | D:2      | Noticed a howler monkey
  1475 | D:2      | Gained mutation: You have large cloven feet. [demonic
                  | ancestry]
  1475 | D:2      | Reached XP level 3. HP: 26/26 MP: 0/6
  1663 | D:2      | Gained mutation: You have hoof-like feet. [demonic
                  | ancestry]
  1663 | D:2      | Reached XP level 4. HP: 31/33 MP: 1/8
  2244 | D:2      | Learned a level 3 spell: Passwall
  2248 | D:2      | Learned a level 3 spell: Stone Arrow
  2400 | D:3      | Gained mutation: You are partially covered in yellow
                  | scales. (AC +2) [demonic ancestry]
  2400 | D:3      | Reached XP level 5. HP: 39/39 MP: 6/9
  2797 | D:3      | Reached skill level 4 in Earth Magic
  3240 | D:4      | Noticed an ogre
  3240 | D:4      | Noticed Natasha
  3242 | D:4      | Found a radiant altar of Vehumet.
  3251 | D:4      | Gained mutation: A weak demonic guardian rushes to your
                  | aid. [demonic ancestry]
  3251 | D:4      | Reached XP level 6. HP: 17/47 MP: 4/11
  3320 | D:$      | Got out of the dungeon alive.

Illustrated notes

Levels and vault maps discovered:
D:1:      nicolae_arrival_somewhat_less_tricky_arrival, layout_basic,
          basic_ecumenical_altar
D:2:      layout_loops_ring, serial_shops, shop
D:3:      layout_basic, cheibrodos_sewer_entry_bend, minmay_between
D:4:      layout_rooms, mainiacjoe_overflow_catwalk_spiral, uniq_natasha,
          uniq_grinder

Skill      XL: |  1  2  3  4  5 |
---------------+----------------+-----
Fighting       | 1 2 3 |  3.3
Earth Magic    | 3 4 |  4.1
Spellcasting   | 3 |  3.7
Dodging        | |  1.7
Stealth        | |  1.7
Conjurations   | |  1.0

Action                     |  1- 3 |  4- 6 || total
---------------------------+-------+-------++-------
  Melee: Unarmed           |     4 |       ||     4
         Whip              |    12 |    23 ||    35
         Kick              |       |    12 ||    12
         Dagger            |       |    29 ||    29
   Cast: Sandblast         |    43 |    43 ||    86
    Use: Scroll            |     1 |     1 ||     2
         Potion            |       |     4 ||     4
   Stab: Distracted        |       |     1 ||     1
         Sleeping          |       |     2 ||     2
 Armour: Robe              |     4 |       ||     4
         Leather armour    |     6 |    56 ||    62
         Skin              |       |     1 ||     1
  Dodge: Dodged            |    24 |    58 ||    82

Table legend: (Time is in decaauts)
 A = Elapsed time spent in this place.
 B = Non-inter-level travel time spent in this place.
 C = Inter-level travel time spent in this place.
 D = Time resting spent in this place.
 E = Time spent auto-exploring this place.
 F = Levels seen in this place.
 G = Mean time per level.
                   A        B        C        D        E       F      G
               +--------+--------+--------+--------+--------+-----+--------+
         Total |   3378 |   3148 |    230 |     62 |   2570 |   4 |  844.5 |
       Dungeon |   3378 |   3148 |    230 |     62 |   2570 |   4 |  844.5 |
               +--------+--------+--------+--------+--------+-----+--------+

Top non-repeatable levels by time:
     D:1: 1302 daAuts
     D:2: 1030 daAuts
     D:3: 985 daAuts
     D:4: 60 daAuts
